 Dungeon Crawl Stone Soup version 0.19-a0-1456-gc747e27 (webtiles) character file.

50 RonnieColeman the Conjurer (level 3, 0/19 HPs)
             Began as a Deep Elf Conjurer on Sept 6, 2016.
             Slain by Terence
             ... wielding a +3 trident of protection
              (12 damage)
             ... on level 2 of the Dungeon.
             The game lasted 00:03:17 (1510 turns).

RonnieColeman the Conjurer (Deep Elf Conjurer)      Turns: 1510, Time: 00:03:17

Health: 0/19       AC:  2    Str:  5    XL:     3   Next: 55%
Magic:  0/10       EV: 13    Int: 20    God:
Gold:   97         SH:  0    Dex: 15    Spells: 1 memorised, 9 levels left

rFire  . . .     SeeInvis .     j - +0 spear
rCold  . . .     Gourm    +     a - +0 robe
rNeg   . . .     Faith    .     (no shield)
rPois  .         Spirit   .     (no helmet)
rElec  .         Dismiss  .     (no cloak)
rCorr  .         Reflect  .     (no gloves)
MR     .....     Harm     .     (no boots)
Stlth  ++........               i - amulet of the gourmand
                                (no ring)
                                (no ring)

@: no status effects
A: no striking features
a: no special abilities


You were on level 2 of the Dungeon.
You were hungry.

You visited 1 branch of the dungeon, and saw 2 of its levels.

You collected 97 gold pieces.

Inventory:

Hand Weapons
 e - a +0 dagger
 j - a +0 spear (weapon)
Armour
 a - a +0 robe (worn)
 o - a +0 buckler
Jewellery
 i - an amulet of the gourmand (around neck)
 s - an uncursed ring of ice
Scrolls
 f - 2 scrolls of identify {unknown}
 h - a scroll of fog {unknown}
 l - a scroll of immolation {unknown}
 m - 2 scrolls of remove curse {unknown}
 n - a scroll of fear {unknown}
Potions
 d - 2 potions of might {unknown}
 g - 2 potions of curing {unknown}
 r - a potion of heal wounds {unknown}
Books
 b - a book of Conjurations

   Spells                             Type                      Level
   a - Magic Dart                     Conjuration                  1
   b - Searing Ray                    Conjuration                  2
   c - Dazzling Spray                 Conjuration/Hexes            3
   d - Fulminant Prism                Conjuration/Hexes            4
   e - Iskenderun's Mystic Blast      Conjuration                  4
   f - Iskenderun's Battlesphere      Conjuration/Charms           5
Comestibles
 c - 2 bread rations
 k - 4 meat rations
 p - a chunk of flesh
 q - a slice of pizza


   Skills:
 - Level 2.4 Dodging
 - Level 2.4 Stealth
 + Level 4.0 Spellcasting
 * Level 5.3 Conjurations


You had 9 spell levels left.
You knew the following spells:

 Your Spells              Type           Power        Failure   Level  Hunger
a - Magic Dart            Conj           ####         1%          1    None


Dungeon Overview and Level Annotations

Branches:
Dungeon (2/15)

Altars:
Fedhas

Annotations:
D:2 Terence


Message History

There is an open door here.
Casting: Magic Dart
Confirm with . or Enter, or press ? or * to list all spells.
Aiming: Magic Dart
Press: ? - help, Shift-Dir - straight line, f/p - Terence
Aim: Terence, wielding a trident of protection and wearing a ring mail (almost dead)
The magic dart hits Terence.
Terence is almost dead.
Terence hits you from afar with a trident of protection.
There is an open door here.
Casting: Magic Dart
Confirm with . or Enter, or press ? or * to list all spells.
Aiming: Magic Dart
Press: ? - help, Shift-Dir - straight line, f/p - Terence
Aim: Terence, wielding a trident of protection and wearing a ring mail (almost dead)
The magic dart hits Terence.
Terence is almost dead.
Terence hits you from afar with a trident of protection!
Ouch! That really hurt!
You die...

#.# #####..# ########...... #.#
#...PP.# #.....##...... #.#
#.P.PPP# #.....##...... #.#
#.PP_PP# #.....##...... #.#
###.PPPPP# #.....##......
#.####....PPP.# #.....##......
#.............######.....##...†..
######........##..@'.....'.......
#........##@###.....######'#
#.........#.# ####### #.#
#.........#.# #.# #..........†#
#.# #####+#####.# #.# #.# #.# ###
#.# #.# #..


You could see Terence.

Vanquished Creatures
  An adder (D:2)
  A dart slug (D:1)
  A giant gecko (D:1)
  7 bats
  3 giant cockroaches
  3 goblins
  5 hobgoblins
  6 kobolds
  3 giant newts
  4 rats
34 creatures vanquished.

Notes
Turn   | Place    | Note
-------+----------+-------------------------------------------
     0 | D:1      | RonnieColeman the Deep Elf Conjurer began the quest for the Orb.
     0 | D:1      | Reached XP level 1. HP: 10/10 MP: 6/6
   680 | D:1      | Reached XP level 2. HP: 15/15 MP: 5/8
   827 | D:1      | Reached skill level 5 in Conjurations
  1108 | D:2      | Reached XP level 3. HP: 19/19 MP: 6/10
  1213 | D:2      | Noticed Terence
  1334 | D:2      | Found a blossoming altar of Fedhas.
  1510 | D:2      | Slain by Terence

Vault maps used:
D:1:      minmay_arrival_checkered_box
D:2:      fedhas_altar_3, minmay_pentomino_z2, uniq_terence

Skill      XL: |  1  2  3 |
---------------+----------+-----
Conjurations   | 5 |  5.3
Spellcasting   | 4 |  4.0
Dodging        | |  2.4
Stealth        | |  2.4

Action                   || total
-------------------------++-------
Melee: Unarmed           ||     9
       Dagger            ||     5
       Spear             ||     2
 Cast: Magic Dart        ||    75
  Eat: Chunk             ||     1
Dodge: Dodged            ||    30
